Map: Simulacrum LE

Players

YoutubeTY (TY) - Winner!

  • Race: Terran Terran
  • League: Diamond
  • Spawn Location: 5:00

ShoWTimE

  • Race: Protoss Protoss
  • Spawn Location: 11:00

Event: Shopify TSL 5

VOD

Have the link to the VOD?

Description

Time

  • Played on: May 24, 2020, 11:10 a.m.
  • Length: 13:53

All games in this series

Show
View Real Time Build Order
Export as new Build Order

YoutubeTY Terran - Winner!

Build Orders: Reaper Expand 

Get SALT Encoding   

  12  0:01  SCV  
  13  0:13  SCV  
  14  0:18  Supply Depot  
  14  0:25  SCV  
  15  0:39  SCV  
  15  0:41  Barracks  
  16  0:44  Refinery  
  16  0:51  SCV  
  17  1:03  SCV  
  18  1:16  SCV  
  19  1:28  Reaper  
  19  1:29  Orbital Command  
  20  1:42  Command Center  
  20  1:55  SCV  
  20  1:59  Marine  
  22  2:04  Supply Depot  
  22  2:05  Bunker  
  23  2:13  Factory  
  22  2:18  SCV  
  22  2:22  Barracks Reactor  
  23  2:30  SCV, Refinery  
  24  2:42  SCV  
  25  2:54  SCV, Orbital Command  
  25  2:58  Starport  
  26  2:59  Marine x2  
  26  3:02  Orbital Command  
  26  3:03  Factory Tech Lab  
  28  3:06  SCV  
  29  3:17  Marine x2  
  29  3:18  SCV  
  32  3:28  SCV  
  32  3:30  SCV  
  32  3:34  Widow Mine, Marine x2  
  36  3:37  Supply Depot  
  36  3:40  SCV  
  39  3:42  SCV  
  39  3:44  Raven  
  42  3:52  SCV, Marine x2  
  42  3:54  SCV  
  46  3:56  Barracks x2  
  46  3:57  Factory Tech Lab  
  46  4:05  SCV  
  46  4:06  Supply Depot  
  46  4:07  SCV  
  47  4:10  Marine x2  
  50  4:17  SCV, Refinery  
  50  4:20  SCV  
  51  4:26  Engineering Bay  
  51  4:27  Factory Reactor  
  51  4:28  Marine  
  51  4:29  SCV  
  51  4:30  Marine  
  54  4:32  SCV  
  54  4:36  Starport Reactor  
  55  4:39  Supply Depot  
  55  4:41  SCV  
  57  4:46  Marine  
  57  4:48  Stimpack  
  57  4:49  Marauder, Marine  
  61  4:53  Terran Infantry Weapons Level 1  
  61  4:55  Marauder  
  62  5:00  SCV x2  
  62  5:01  Supply Depot  
  62  5:02  Refinery  
  62  5:03  Marine  
  65  5:07  Marine  
  65  5:10  Marine  
  65  5:12  SCV  
  68  5:15  Medivac, Supply Depot  
  68  5:18  Concussive Shells  
  68  5:20  SCV, Marine  
  70  5:23  Marine  
  70  5:26  Widow Mine x2  
  75  5:30  SCV, Supply Depot  
  75  5:35  Medivac  
  78  5:38  SCV  
  78  5:39  Supply Depot  
  78  5:41  Marauder  
  81  5:43  Marauder  
  81  5:44  Marine  
  81  5:47  Widow Mine  
  85  5:52  Widow Mine  
  85  5:54  Marine  
  87  6:02  Marine  
  88  6:05  Supply Depot  
  88  6:06  Medivac, Supply Depot  
  88  6:10  Widow Mine  
  88  6:11  Medivac, Marine x2  
  94  6:13  Widow Mine  
  94  6:14  Combat Shield  
  100  6:23  Marauder  
  99  6:29  Marauder  
  101  6:37  Marine x2  
  101  6:38  Medivac  
  103  6:40  Widow Mine  
  103  6:41  Widow Mine  
  107  6:47  Terran Infantry Armor Level 1  
  107  6:49  Marauder  
  107  6:51  SCV x2  
  107  6:53  Command Center  
  107  6:55  Marauder  
  102  7:11  Marauder, Marine x2  
  102  7:13  Widow Mine x2  
  101  7:15  Medivac x2  
  102  7:24  SCV  
  102  7:25  SCV  
  102  7:29  Marauder  
  106  7:30  Barracks x2  
  106  7:37  SCV x2  
  108  7:38  Marauder  
  108  7:39  Marine x2  
  108  7:43  Widow Mine  
  111  7:45  Widow Mine  
  111  7:50  Marauder  
  115  7:51  SCV  
  116  7:58  Marine  
  116  7:59  Marine  
  116  8:05  Marauder  
  122  8:06  Orbital Command  
  122  8:09  SCV x2  
  122  8:11  Marauder  
  124  8:20  Missile Turret  
  124  8:21  SCV, Barracks Tech Lab  
  124  8:22  Marine x2  
  128  8:28  Supply Depot  
  128  8:30  Supply Depot  
  128  8:31  Marine  
  128  8:32  Marine x2  
  130  8:37  Armory, Ghost Academy  
  130  8:39  Engineering Bay  
  133  8:49  Marine x2  
  133  8:50  Marine  
  133  8:51  Missile Turret  
  133  8:53  Marine x2  
  133  8:55  SCV x3  
  138  9:07  Ghost x3  
  144  9:13  Marine x2  
  144  9:16  Supply Depot  
  142  9:17  Supply Depot  
  142  9:23  SCV x3  
  142  9:24  Terran Infantry Armor Level 2, Terran Infantry Weapons Level 2  
  145  9:27  Viking x2  
  149  9:37  Ghost  
  149  9:38  Marine x2  
  153  9:45  Marauder x2, Command Center, Marine, Supply Depot  
  155  9:46  Supply Depot  
  155  9:50  Factory Tech Lab  
  155  9:51  Marine  
  157  9:53  Refinery  
  157  9:55  Marine  
  158  10:04  Liberator x2  
  158  10:07  Marauder  
  157  10:11  Marauder x2, Marine x3  
  151  10:27  Marine x2  
  145  10:28  Marine  
  145  10:29  Siege Tank  
  145  10:32  Marine x4  
  145  10:37  SCV  
  140  10:45  Marine x2  
  140  10:47  Medivac x2  
  140  10:49  Terran Vehicle Weapons Level 1, Factory  
  141  10:55  Marauder x2, Marine x3  
  148  11:00  SCV x3  
  151  11:05  Refinery, Siege Tank  
  151  11:06  Missile Turret  
  151  11:10  Marine x2  
  154  11:12  SCV x3, Marine  
  154  11:17  Marine x2  
  154  11:18  Marine  
  161  11:19  Sensor Tower  
  161  11:21  Medivac  
  161  11:22  Marine  
  166  11:33  Factory Tech Lab  
  166  11:35  Marine x2  
  166  11:38  Planetary Fortress  
  163  11:43  Missile Turret  
  163  11:46  Liberator  
  163  11:47  Marauder x2  
  163  11:48  Marine  
  163  11:50  Marine  
  169  11:55  Siege Tank  
  169  11:57  SCV  
  169  11:58  SCV  
  173  12:02  SCV  
  173  12:05  Siege Tank  
  178  12:15  Marine  
  178  12:16  Marine x5  
  178  12:18  Refinery  
  178  12:21  Marine  
  184  12:26  SCV x2  
  186  12:33  Marine x5  
  190  12:43  Siege Tank  
  190  12:44  Marine x2, Siege Tank  
  193  12:47  SCV x3  
  193  12:51  Marine x3  
  188  13:02  Liberator x2  
  194  13:09  Missile Turret  
  194  13:10  Marine x2  
  196  13:17  Orbital Command  
  196  13:23  Marine  
  196  13:26  Supply Depot  
  196  13:30  Marine  
  196  13:31  Marine x2  
Show
View Real Time Build Order
Export as new Build Order

ShoWTimE Protoss 

Build Orders: 1 Gate Expand, Blink Stalkers 

Get SALT Encoding   

  12  0:00  Probe  
  13  0:13  Probe  
  14  0:17  Pylon  
  14  0:25  Probe (Chrono Boost)  
  15  0:37  Probe (Chrono Boost), Gateway  
  16  0:44  Probe (Chrono Boost)  
  16  0:47  Assimilator  
  17  0:51  Probe  
  18  1:03  Probe  
  19  1:15  Probe  
  20  1:24  Cybernetics Core  
  20  1:34  Nexus  
  20  1:37  Probe  
  21  1:45  Pylon  
  21  1:49  Probe  
  21  1:52  Assimilator  
  22  2:00  Adept (Chrono Boost)  
  22  2:01  Probe  
  23  2:05  Warp Gate  
  25  2:13  Probe  
  26  2:20  Stalker (Chrono Boost)  
  26  2:25  Probe  
  29  2:37  Probe  
  29  2:39  Shield Battery  
  30  2:45  Stalker  
  30  2:47  Probe (Chrono Boost)  
  34  2:55  Probe (Chrono Boost)  
  34  2:58  Probe (Chrono Boost)  
  35  3:00  Twilight Council  
  35  3:02  Probe (Chrono Boost)  
  35  3:03  Probe (Chrono Boost)  
  36  3:13  Probe x2  
  38  3:21  Gateway  
  38  3:25  Probe  
  38  3:26  Probe  
  40  3:30  Blink (Chrono Boost)  
  40  3:33  Robotics Facility  
  40  3:37  Probe  
  41  3:41  Probe  
  41  3:43  Pylon  
  42  3:49  Probe  
  42  3:55  Probe  
  44  3:57  Sentry  
  46  4:02  Nexus  
  46  4:05  Probe  
  46  4:07  Pylon  
  46  4:08  Phoenix  
  47  4:11  Probe  
  47  4:15  Stalker  
  50  4:17  Probe  
  50  4:20  Assimilator, Observer  
  50  4:23  Stalker  
  54  4:26  Probe  
  54  4:29  Pylon  
  55  4:31  Probe  
  55  4:38  Probe  
  57  4:40  Stalker  
  57  4:43  Probe  
  60  4:48  Stalker, Pylon  
  63  4:52  Probe  
  63  4:55  Probe  
  64  5:01  Pylon  
  64  5:04  Forge, Observer  
  65  5:10  Probe x2, Charge (Chrono Boost)  
  67  5:16  Probe, Gateway  
  67  5:17  Gateway  
  66  5:22  Probe, Gateway  
  66  5:26  Sentry  
  69  5:34  Gateway  
  69  5:35  Sentry, Gateway  
  71  5:37  Protoss Ground Armor Level 1 (Chrono Boost)  
  71  5:38  Gateway  
  71  5:43  Probe x2  
  71  5:45  Probe  
  74  5:55  Probe  
  74  5:56  Stalker  
  76  5:59  Probe  
  76  6:00  Zealot  
  76  6:02  Probe  
  79  6:09  Probe  
  79  6:12  Pylon  
  79  6:16  Zealot x2  
  79  6:17  Zealot  
  85  6:19  Stalker  
  85  6:21  Stalker  
  89  6:28  Probe  
  89  6:29  Probe  
  89  6:30  Probe  
  92  6:38  Zealot x5  
  100  6:40  Probe  
  100  6:42  Zealot  
  100  6:46  Pylon  
  103  6:47  Probe  
  103  6:48  Probe  
  103  6:52  Probe  
  106  6:54  Immortal  
  106  6:56  Zealot  
  104  7:01  Zealot x2  
  104  7:04  Zealot  
  88  7:08  Zealot x2  
  88  7:14  Zealot x2  
  81  7:23  Zealot x3  
  86  7:30  Stalker x2  
  86  7:34  Zealot  
  87  7:39  Probe x3  
  88  7:44  Protoss Ground Weapons Level 1 (Chrono Boost)  
  88  7:45  Sentry x2  
  88  7:51  Probe x2  
  93  7:52  Probe  
  94  8:03  Probe x2, Pylon  
  94  8:05  Zealot x4  
  104  8:13  Zealot x2  
  104  8:16  Probe  
  104  8:19  Pylon  
  109  8:21  Probe x2, Pylon  
  111  8:28  Probe, Assimilator  
  111  8:30  Assimilator  
  111  8:31  Robotics Bay  
  111  8:33  Probe  
  113  8:39  Assimilator  
  113  8:40  Sentry, Robotics Facility  
  113  8:41  Zealot x2  
  117  8:45  Zealot  
  117  8:47  Zealot x2  
  123  8:53  Zealot x2  
  127  9:01  Pylon  
  127  9:04  Stalker x3  
  123  9:13  Probe (Chrono Boost)  
  123  9:14  Pylon  
  123  9:15  Probe (Chrono Boost)  
  123  9:16  Protoss Ground Weapons Level 2 (Chrono Boost)  
  126  9:21  Probe (Chrono Boost)  
  126  9:23  Disruptor (Chrono Boost)  
  129  9:24  Probe (Chrono Boost)  
  129  9:25  Probe (Chrono Boost)  
  129  9:29  Probe x2 (Chrono Boost)  
  129  9:30  Probe (Chrono Boost)  
  131  9:35  Disruptor (Chrono Boost)  
  131  9:37  Pylon  
  135  9:40  Probe  
  134  9:50  Stalker x2  
  134  9:51  Stalker x2  
  142  9:57  Zealot  
  145  10:00  Disruptor x2 (Chrono Boost)  
  148  10:07  Zealot x3  
  148  10:14  Probe  
  155  10:17  Zealot x2  
  153  10:23  Zealot x2  
  153  10:25  Probe  
  153  10:26  Zealot  
  148  10:29  Disruptor  
  148  10:35  Zealot x3  
  147  10:42  Zealot x2  
  143  10:49  Disruptor  
  144  11:00  Pylon  
  144  11:03  Pylon  
  144  11:07  Nexus  
  144  11:10  Pylon  
  144  11:14  Disruptor  
  144  11:18  Probe x3  
  149  11:23  Protoss Ground Armor Level 2 (Chrono Boost)  
  150  11:31  Zealot x3  
  150  11:32  Zealot  
  154  11:41  Stalker x3  
  154  11:45  Disruptor  
  154  11:46  Probe  
  160  11:56  Probe x2, Dark Shrine  
  160  11:58  Probe  
  160  12:01  Zealot x2  
  165  12:08  Probe, Templar Archives  
  166  12:14  Zealot x2  
  166  12:15  Zealot  
  172  12:21  Colossus (Chrono Boost)  
  178  12:25  Zealot  
  182  12:38  Zealot x3, Colossus (Chrono Boost)  
  182  12:42  Zealot x2  
  148  12:51  Zealot x3  
  136  13:01  Zealot x3  
  142  13:07  High Templar x2  
  142  13:08  Photon Cannon  
  142  13:09  Photon Cannon  
  142  13:11  Archon  
  152  13:19  Dark Templar  
  154  13:22  Dark Templar  
  154  13:26  Sentry x3  
  162  13:28  Dark Templar  
  152  13:39  Zealot x2  
Tags
 
Add a new tag
Caveats
  • Supply blocks, unpowered buildings, or Contaminate may cause inaccurate times.
  • Supply counts are checked every 10 seconds.